A- SE
JUPITER HAMMERHEADS @ ST. LUCIE METS
08/14/2041
 
TOP OF THE 1ST
Jupiter Hammerheads batting - Pitching for St. Lucie Mets : RHP Jim Unknown
Pitching: RHP Jim Unknown
Batting: LHB Manny Huertas 0-0: Ball
1-0: Ground out 4-3 (Groundball, 4, EV 84.4 MPH)
Batting: RHB Norberto Costello 0-0: Ball
1-0: SINGLE (Line Drive, 34, EV 108.1 MPH)
Batting: RHB Kevin Davis 0-0: Ball
Norberto Costello steals 2nd base
1-0: Called Strike
1-1: Ball
2-1: Called Strike
2-2: Ball
3-2: Foul Ball, location: 2F
3-2: SINGLE (Line Drive, 4M, EV 103.1 MPH)
Norberto Costello to third
Batting: RHB Merlin Lucas 0-0: Swinging Strike
0-1: Fly out, F8 (Flyball, 8LM, EV 90.6 MPH)
Runner from 3rd tags up, SCORES, no throw by CF
Batting: LHB José Jiménez 0-0: Ball
Kevin Davis is caught stealing 2nd base 2-6
Top of the 1st over - 1 run, 2 hits, 0 errors, 0 left on base; Jupiter 1 - St. Lucie 0
BOTTOM OF THE 1ST
St. Lucie Mets batting - Pitching for Jupiter Hammerheads : RHP Tony Henry
Pitching: RHP Tony Henry
Batting: RHB Juan Carlos Valdillez 0-0: Ball
1-0: Called Strike
1-1: Foul Ball, location: 2F
1-2: Foul Ball, location: 2F
1-2: Foul Ball, location: 9LSF
1-2: Ball
2-2: Foul Ball, location: 2F
2-2: Strikes out swinging
Batting: SHB Kevin French 0-0: Fly out, F9 (Flyball, 89M, EV 91.3 MPH)
Batting: RHB Greg William 0-0: Ground out U3 (Groundball, 34, EV 85.6 MPH)
Bottom of the 1st over - 0 runs, 0 hits, 0 errors, 0 left on base; Jupiter 1 - St. Lucie 0
TOP OF THE 2ND
Jupiter Hammerheads batting - Pitching for St. Lucie Mets : RHP Jim Unknown
Batting: LHB José Jiménez 0-0: Ball
1-0: Swinging Strike
1-1: Reached on error, E1 (Groundball, 15S, EV 69.4 MPH)
Batting: RHB Steve Brooks 0-0: Sac Bunt to P - play at first, batter OUT! 1-3
José Jiménez to second
Batting: LHB César Galván 0-0: Swinging Strike
0-1: Ball
1-1: Ball
2-1: Ball
3-1: Ground out U3 (Groundball, 34, EV 98.1 MPH)
José Jiménez to third
Batting: SHB Pepe Ramos 0-0: Foul Ball, location: 23FF
0-1: Foul Ball, location: 2F
0-2: Ball
1-2: Strikes out looking
Top of the 2nd over - 0 runs, 0 hits, 1 error, 1 left on base; Jupiter 1 - St. Lucie 0
BOTTOM OF THE 2ND
St. Lucie Mets batting - Pitching for Jupiter Hammerheads : RHP Tony Henry
Batting: RHB Jim Unknown 0-0: Ball
1-0: Called Strike
1-1: Ground out 5-3 (Groundball, 56, EV 83.8 MPH)
Batting: RHB Jim Unknown 0-0: Ball
1-0: Called Strike
1-1: Foul Ball, location: 2F
1-2: Ground out 6-3 (Groundball, 6, EV 75.6 MPH)
Batting: SHB Jim Unknown 0-0: Fly out, F9 (Flyball, 9S, EV 91.3 MPH)
Bottom of the 2nd over - 0 runs, 0 hits, 0 errors, 0 left on base; Jupiter 1 - St. Lucie 0
TOP OF THE 3RD
Jupiter Hammerheads batting - Pitching for St. Lucie Mets : RHP Jim Unknown
Batting: RHB Tetsuhiko Okubo 0-0: Swinging Strike
0-1: Ball
1-1: Foul Ball, location: 9LMF
1-2: Strikes out swinging
Batting: LHB Manny Huertas 0-0: Ground out 4-3 (Groundball, 4, EV 87.5 MPH)
Batting: RHB Norberto Costello 0-0: Ball
1-0: Foul Ball, location: 2F
1-1: Foul Ball, location: 2F
1-2: Strikes out swinging
Top of the 3rd over - 0 runs, 0 hits, 0 errors, 0 left on base; Jupiter 1 - St. Lucie 0
BOTTOM OF THE 3RD
St. Lucie Mets batting - Pitching for Jupiter Hammerheads : RHP Tony Henry
Batting: RHB Jim Unknown 0-0: Ball
1-0: Ball
2-0: Ball
3-0: Called Strike
3-1: Fly out, F8 (Line Drive, 78M, EV 88.8 MPH)
Batting: RHB Jim Unknown 0-0: Called Strike
0-1: Swinging Strike
0-2: Fly out, F8 (Flyball, 8LD, EV 100.0 MPH)
Batting: RHB Jim Unknown 0-0: Ball
1-0: Ball
2-0: Called Strike
2-1: Ball
3-1: Base on Balls
Batting: RHB Juan Carlos Valdillez 0-0: Foul Ball, location: 5F
0-1: Called Strike
0-2: Ball
1-2: Ball
2-2: Ground out U3 (Groundball, 23, EV 87.5 MPH)
Bottom of the 3rd over - 0 runs, 0 hits, 0 errors, 1 left on base; Jupiter 1 - St. Lucie 0
TOP OF THE 4TH
Jupiter Hammerheads batting - Pitching for St. Lucie Mets : RHP Jim Unknown
Batting: RHB Kevin Davis 0-0: Ground out 5-3 (Groundball, 5S, EV 85.6 MPH)
Batting: RHB Merlin Lucas 0-0: Ball
1-0: Ground out 6-3 (Groundball, 6MS, EV 83.8 MPH)
Batting: LHB José Jiménez 0-0: Ball
1-0: Called Strike
1-1: Ball
2-1: Foul Ball, location: 7LMF
2-2: Ground out 2-3 (Groundball, 2R, EV 68.1 MPH)
Top of the 4th over - 0 runs, 0 hits, 0 errors, 0 left on base; Jupiter 1 - St. Lucie 0
BOTTOM OF THE 4TH
St. Lucie Mets batting - Pitching for Jupiter Hammerheads : RHP Tony Henry
Batting: SHB Kevin French 0-0: Fly out, F8 (Flyball, 89M, EV 98.1 MPH)
Batting: RHB Greg William 0-0: Ball
1-0: Swinging Strike
1-1: Foul Ball, location: 2F
1-2: Strikes out swinging
Batting: RHB Jim Unknown 0-0: Called Strike
0-1: Swinging Strike
0-2: Ball
1-2: Fly out, F8 (Line Drive, 8LS, EV 90.6 MPH)
Bottom of the 4th over - 0 runs, 0 hits, 0 errors, 0 left on base; Jupiter 1 - St. Lucie 0
TOP OF THE 5TH
Jupiter Hammerheads batting - Pitching for St. Lucie Mets : RHP Jim Unknown
Batting: RHB Steve Brooks 0-0: Ball
1-0: Foul Ball, location: 9LMF
1-1: Swinging Strike
1-2: Fly out, F8 (Flyball, 8LD, EV 89.4 MPH)
Batting: LHB César Galván 0-0: Called Strike
0-1: Ball
1-1: Ball
2-1: Ball
3-1: DOUBLE (Flyball, 89XD, EV 108.1 MPH)
Batting: SHB Pepe Ramos 0-0: Swinging Strike
0-1: Foul Ball, location: 3FF
0-2: SINGLE (Flyball, 8RS, EV 87.5 MPH)
César Galván to third
Batting: RHB Tetsuhiko Okubo 0-0: Ball
1-0: DOUBLE (Flyball, 89D, EV 101.3 MPH)
César Galván scores
Pepe Ramos to third
Runner from 3rd tries for Home, SAFE, throw by RF to home
Batting: LHB Manny Huertas 0-0: Called Strike
0-1: SINGLE (Line Drive, 7S, EV 105.0 MPH)
Tetsuhiko Okubo to third
Batting: RHB Norberto Costello 0-0: Called Strike
0-1: Ball
Manny Huertas steals 2nd base
1-1: Foul Ball, location: 2LF
1-2: Foul Ball, location: 9LSF
1-2: Foul Ball, location: 23FF
1-2: Strikes out swinging
Batting: RHB Kevin Davis 0-0: Ball
1-0: Foul Ball, location: 5FF
1-1: Ground out 1-3 (Groundball, 13S, EV 76.3 MPH)
Top of the 5th over - 2 runs, 4 hits, 0 errors, 2 left on base; Jupiter 3 - St. Lucie 0
BOTTOM OF THE 5TH
St. Lucie Mets batting - Pitching for Jupiter Hammerheads : RHP Tony Henry
Batting: RHB Jim Unknown 0-0: Ball
1-0: Ball
2-0: Ball
3-0: Called Strike
3-1: Fly out, F8 (Flyball, 8RD, EV 105.6 MPH)
Batting: SHB Jim Unknown 0-0: Ball
1-0: DOUBLE (Flyball, 8LXD, EV 104.4 MPH)
Batting: RHB Jim Unknown 0-0: Ball
1-0: Ball
2-0: Ball
3-0: Base on Balls
Batting: RHB Jim Unknown 0-0: Ball
1-0: Ball
2-0: Called Strike
2-1: Ball
3-1: SINGLE (Flyball, 3D, EV 95.6 MPH)
Jim Unknown to third
Jim Unknown to second
Batting: RHB Jim Unknown 0-0: Ball
1-0: Ball
2-0: Called Strike
2-1: Swinging Strike
2-2: Foul Ball, location: 9LMF
2-2: Ball
3-2: Fly out, F8 (Flyball, 8RD, EV 106.3 MPH)
Runner from 3rd tags up, SCORES, throw by CF
Batting: RHB Juan Carlos Valdillez 0-0: Foul Ball, location: 2F
0-1: Fly out, F5 (Popup, 25F, EV 78.8 MPH)
Bottom of the 5th over - 1 run, 2 hits, 0 errors, 2 left on base; Jupiter 3 - St. Lucie 1
TOP OF THE 6TH
Jupiter Hammerheads batting - Pitching for St. Lucie Mets : RHP Jim Unknown
Batting: RHB Merlin Lucas 0-0: Ball
1-0: Ball
2-0: Called Strike
2-1: Fly out, F8 (Flyball, 8LD, EV 100.6 MPH)
Batting: LHB José Jiménez 0-0: Ball
1-0: Called Strike
1-1: DOUBLE (Flyball, 89D, EV 93.8 MPH)
Batting: RHB Steve Brooks 0-0: Foul Ball, location: 5F
0-1: Ball
1-1: Ball
2-1: Swinging Strike
2-2: Foul Ball, location: 9LSF
2-2: Ground out 3-1 (Groundball, 34S, EV 88.1 MPH)
José Jiménez to third
Batting: LHB César Galván 0-0: Foul Ball, location: 2F
0-1: Ball
1-1: Ball
2-1: Ball
3-1: Called Strike
3-2: Base on Balls
Batting: SHB Pepe Ramos 0-0: Ball
1-0: Ball
César Galván is caught stealing 2nd base 2-6
Top of the 6th over - 0 runs, 1 hit, 0 errors, 1 left on base; Jupiter 3 - St. Lucie 1
BOTTOM OF THE 6TH
St. Lucie Mets batting - Pitching for Jupiter Hammerheads : RHP Tony Henry
Batting: SHB Kevin French 0-0: Ball
1-0: Called Strike
1-1: Ball
2-1: SINGLE (Line Drive, 9LS, EV 101.9 MPH)
Batting: RHB Greg William 0-0: Called Strike
0-1: Fly out, F7 (Flyball, 7, EV 78.8 MPH)
Batting: RHB Jim Unknown 0-0: Ball
1-0: Fly out, F9 (Flyball, 9LMF, EV 102.5 MPH)
Batting: RHB Jim Unknown 0-0: Ball
1-0: Ball
2-0: Swinging Strike
2-1: Called Strike
2-2: Ball
3-2: Fly out, F8 (Flyball, 78M, EV 86.3 MPH)
Bottom of the 6th over - 0 runs, 1 hit, 0 errors, 1 left on base; Jupiter 3 - St. Lucie 1
TOP OF THE 7TH
Jupiter Hammerheads batting - Pitching for St. Lucie Mets : RHP Jim Unknown
Batting: SHB Pepe Ramos 0-0: Called Strike
0-1: DOUBLE (Flyball, 8RXD, EV 95.0 MPH)
Batting: RHB Tetsuhiko Okubo 0-0: Ball
1-0: Called Strike
1-1: Ball
2-1: Swinging Strike
2-2: Ball
3-2: Foul Ball, location: 25F
3-2: Strikes out swinging
Batting: LHB Manny Huertas 0-0: Called Strike
0-1: Ball
1-1: Foul Ball, location: 3F
1-2: Strikes out swinging
Pitching: RHP Jim Unknown
Batting: LHB Jim Bailey 0-0: Ball
1-0: Ball
2-0: Ball
3-0: Base on Balls
Batting: RHB Kevin Davis 0-0: Called Strike
0-1: Called Strike
0-2: Ball
1-2: Strikes out swinging
Top of the 7th over - 0 runs, 1 hit, 0 errors, 2 left on base; Jupiter 3 - St. Lucie 1
BOTTOM OF THE 7TH
St. Lucie Mets batting - Pitching for Jupiter Hammerheads : RHP Tony Henry
Pitching: RHP Luis Marín
Batting: SHB Jim Unknown 0-0: Foul Ball, location: 3F
0-1: DOUBLE (Line Drive, 9LD, EV 99.4 MPH)
Batting: RHB Jim Unknown 0-0: Ball
1-0: Called Strike
1-1: Fly out, F2 (Popup, 23F, EV 76.9 MPH)
Batting: RHB Jim Unknown 0-0: Ball
1-0: Called Strike
1-1: Ball
2-1: Fly out, F9 (Line Drive, 9, EV 92.5 MPH)
Batting: LHB Jim Unknown 0-0: Ground out 6-3 (Groundball, 6, EV 91.3 MPH)
Bottom of the 7th over - 0 runs, 1 hit, 0 errors, 1 left on base; Jupiter 3 - St. Lucie 1
TOP OF THE 8TH
Jupiter Hammerheads batting - Pitching for St. Lucie Mets : RHP Jim Unknown
Batting: RHB Merlin Lucas 0-0: Called Strike
0-1: SINGLE (Line Drive, 9LS, EV 110.6 MPH)
Batting: LHB José Jiménez 0-0: Ball
1-0: SINGLE (Groundball, 6MD, EV 100.6 MPH)
Merlin Lucas to second
Batting: RHB Steve Brooks 0-0: Ball
1-0: Sac Bunt to 25 - play at first, batter OUT! 5-3
Merlin Lucas to third
José Jiménez to second
Batting: LHB César Galván 0-0: Intentional Walk
Batting: SHB Pepe Ramos 0-0: Ball
1-0: Called Strike
1-1: GRAND SLAM HOME RUN (Flyball, 9D, EV 97.5 MPH), Distance : 381 ft
Pitching: RHP Jim Unknown
Pinch Hitting: RHB Reggie Webster 0-0: Fly out, F9 (Flyball, 89S, EV 78.1 MPH)
Batting: LHB Manny Huertas 0-0: Called Strike
0-1: Ball
1-1: Ball
2-1: Swinging Strike
2-2: Foul Ball, location: 5F
2-2: Ball
3-2: Base on Balls
Batting: LHB Jim Bailey 0-0: Ball
1-0: Foul Ball, location: 9LDF
1-1: Ball
2-1: Fly out, F7 (Line Drive, 7, EV 95.0 MPH)
Top of the 8th over - 4 runs, 3 hits, 0 errors, 1 left on base; Jupiter 7 - St. Lucie 1
BOTTOM OF THE 8TH
St. Lucie Mets batting - Pitching for Jupiter Hammerheads : RHP Luis Marín
Now in RF: Juan Molina
Batting: RHB Juan Carlos Valdillez 0-0: Called Strike
0-1: Ball
1-1: Ground out 5-3 (Groundball, 56S, EV 71.9 MPH)
Batting: SHB Kevin French 0-0: Foul Ball, location: 2LF
0-1: Called Strike
0-2: Strikes out swinging
Batting: RHB Greg William 0-0: Ball
1-0: Ball
2-0: Ball
3-0: Called Strike
3-1: Base on Balls
Batting: RHB Jim Unknown 0-0: Called Strike
0-1: Fly out, F4 (Popup, 4, EV 61.3 MPH)
Bottom of the 8th over - 0 runs, 0 hits, 0 errors, 1 left on base; Jupiter 7 - St. Lucie 1
TOP OF THE 9TH
Jupiter Hammerheads batting - Pitching for St. Lucie Mets : RHP Jim Unknown
Batting: RHB Kevin Davis 0-0: Ball
1-0: Foul Ball, location: 9LMFF
1-1: SINGLE (Groundball, 56D, EV 95.0 MPH)
Batting: RHB Merlin Lucas 0-0: Called Strike
Kevin Davis is caught stealing 2nd base 2-4
0-1: Foul Ball, location: 9LMF
0-2: Ball
1-2: Foul Ball, location: 2F
1-2: Fly out, F8 (Flyball, 8RD, EV 79.4 MPH)
Batting: LHB José Jiménez 0-0: Foul Ball, location: 2F
0-1: DOUBLE (Line Drive, 89M, EV 99.4 MPH)
Batting: RHB Steve Brooks 0-0: Ball
1-0: Called Strike
1-1: SINGLE (Groundball, 3D, EV 98.8 MPH)
José Jiménez to third
Runner from 3rd tries for Home, SAFE, throw by RF to home
Batting: LHB César Galván 0-0: Called Strike
0-1: Ball
1-1: Foul Ball, location: 2LF
1-2: Ball
2-2: Strikes out swinging
Top of the 9th over - 1 run, 3 hits, 0 errors, 1 left on base; Jupiter 8 - St. Lucie 1
BOTTOM OF THE 9TH
St. Lucie Mets batting - Pitching for Jupiter Hammerheads : RHP Luis Marín
Pinch Hitting: SHB Jim Unknown 0-0: TRIPLE (Flyball, 9LD, EV 97.5 MPH)
Pinch Hitting: RHB Jim Unknown 0-0: Ground out 4-3 (Groundball, 4M, EV 85.6 MPH)
Pinch Hitting: SHB Jim Unknown 0-0: Foul Ball, location: 25F
0-1: Called Strike
0-2: Ball
1-2: Strikes out swinging
Pinch Hitting: LHB Jim Unknown 0-0: Ball
1-0: Ball
2-0: Foul Ball, location: 7LDF
2-1: Called Strike
2-2: Foul Ball, location: 2F
2-2: Ball
3-2: Strikes out swinging
Bottom of the 9th over - 0 runs, 1 hit, 0 errors, 1 left on base; Jupiter 8 - St. Lucie 1
Monday, April 1st , 2024 - OOTP Baseball 24.10 Build 82